 Dungeon Crawl Stone Soup version 0.30-a0-585-g93115170b9 (webtiles) character file.

Game seed: 15353841713835939024

963 wormed the Covert (level 8, -1/50 HPs)
             Began as a Kobold Delver on Jan 1, 2023.
             Was a Follower of Uskayaw.
             Slain by a wight
             ... wielding a +1 dagger of flaming
              (2 damage)
             ... on level 7 of the Dungeon.
             The game lasted 00:08:56 (5840 turns).

wormed the Covert (Kobold Delver)                   Turns: 5840, Time: 00:08:57

Health: -1/50      AC:  3    Str:  9    XL:     8   Next: 37%
Magic:  8/8        EV: 16    Int: 12    God:    Uskayaw [*.....]
Gold:   286        SH:  0    Dex: 18    Spells: 7/7 levels left

rFire   . . .      SeeInvis .    u - +0 rapier
rCold   . . .      Faith    .    (no shield)
rNeg    . . .      Spirit   .    b - +0 leather armour
rPois   .          Reflect  .    (no helmet)
rElec   .          Harm     .    (no cloak)
rCorr   .          Rampage  .    (no gloves)
Will    .....                    (no boots)
Stlth   +++++                    (no amulet)
HPRegen 0.28/turn                (no ring)
MPRegen 0.11/turn                (no ring)

@: no status effects
A: small, no large weapons, nightstalker 3
a: Renounce Religion, Stomp


You were on level 7 of the Dungeon.
You worshipped Uskayaw.
Uskayaw was noncommittal.
You visited 2 branches of the dungeon, and saw 8 of its levels.

You collected 411 gold pieces.
You spent 125 gold pieces at shops.

Inventory:

Hand Weapons
 u - a +0 rapier (weapon)
Missiles
 i - 9 poisoned darts (quivered)
Armour
 b - a +0 leather armour (worn)
Jewellery
 j - a +6 ring of strength
Wands
 a - a wand of flame (29)
 g - a wand of digging (1)
Scrolls
 c - 2 scrolls of fog
 h - 3 scrolls of poison {unknown}
 k - 2 scrolls of teleportation {unknown}
 m - a scroll of enchant armour {unknown}
 n - 2 scrolls of blinking {unknown}
 s - 2 scrolls of enchant weapon {unknown}
 t - 2 scrolls of immolation {unknown}
 x - a scroll of amnesia
 y - a scroll of silence
 D - a scroll of brand weapon
Potions
 d - a potion of degeneration {unknown}
 f - a potion of haste
 o - a potion of attraction
 p - a potion of curing
 q - 2 potions of magic
 r - a potion of resistance {unknown}
 v - a potion of cancellation {unknown}
 w - a potion of brilliance {unknown}
 z - a potion of might {unknown}
 A - a potion of lignification {unknown}
 B - a potion of berserk rage {unknown}


   Skills:
 + Level 5.5 Fighting
 * Level 7.8 Short Blades
 + Level 5.3 Dodging
 + Level 8.9 Stealth
 * Level 0.5 Invocations


You had 7 spell levels left.
You didn't know any spells.
Your spell library contained the following spells:

 Spells                   Type           Power      Damage    Failure   Level
 Beastly Appendage        Tmut           0%         N/A       43%         1
 Wereblood                Tmut           0%         N/A       56%         2
 Spider Form              Tmut/Pois      0%         N/A       80%         3


Dungeon Overview and Level Annotations

Branches:
Dungeon (7/15)             Temple (1/1) D:4

Altars:
Ashenzari
Cheibriados
Dithmenos
Elyvilon
Fedhas
Gozag
Hepliaklqana
Kikubaaqudgha
Makhleb
Nemelex Xobeh
Okawaru
Qazlal
Ru
Sif Muna
Uskayaw
Wu Jian
Xom
Yredelemnul
Zin
The Shining One

Shops:
D:4 *


Innate Abilities, Weirdness & Mutations

You are small and have problems with some larger weapons.
You are completely attuned to the shadows.


Message History

You start resting.
A wight comes into view. It is wielding a +0 long sword.
A wight is nearby!
You start resting.
A wight is nearby!
A wight is nearby!
You start resting.
A wight is nearby!
You hit the wight but do no damage.
The wight hits you with a +0 long sword.
You feel drained.
You puncture the wight!
The wight is heavily damaged.
You puncture the wight! You punch the wight.
You destroy the wight!
You can now pass through a line of other dancers.
Your life force feels restored.
You start resting.
A wight comes into view. It is wielding a +1 dagger of flaming.
A wight is nearby!
You start resting.
A wight is nearby!
You hit the wight but do no damage.
The wight hits you with a +1 dagger of flaming!
* * * LOW HITPOINT WARNING * * *
The wight burns you.
* * * LOW HITPOINT WARNING * * *
You hit the wight but do no damage. The wight barely misses you.
You hit the wight but do no damage.
The wight hits you with a +1 dagger of flaming.
* * * LOW HITPOINT WARNING * * *
The wight burns you.
* * * LOW HITPOINT WARNING * * *
Okay, then.
You closely miss the wight. You closely miss the wight.
The wight hits you with a +1 dagger of flaming.
* * * LOW HITPOINT WARNING * * *
The wight burns you.
You die...

##+## ##...## #
##.....## .#
#.b.>.bb## #z##
.bbbbb.bb####...#
.....yy.b+@z.....
..bb..bb.####....
#...b...## #...
##.bb..## #..
##...## #.
####'## .....#
###..# #y.#


You could see a wight.

Vanquished Creatures
  An ice beast (D:5)
  A centaur (D:3)
  A phantom (D:5)
  A kobold brigand (D:5)
  A necrophage (D:4)
  2 scorpions (D:5)
  A wight (D:7)
  An orc priest (D:5)
  Natasha (thrice) (D:3)
  An iguana (D:5)
  An orc wizard (D:2)
  6 gnolls
  4 adders
  A shadow imp (D:3)
  A white imp (D:5)
  6 worms
  A dart slug (D:3)
  21 orcs
  7 ball pythons
  4 bats
  9 endoplasms
  4 giant cockroaches
  6 goblins
  8 hobgoblins
  4 jackals (D:1)
  3 quokkas
  5 frilled lizards
  11 kobolds
  7 rats
122 creatures vanquished.

Notes
Turn   | Place    | Note
-------+----------+-------------------------------------------
     0 | D:5      | wormed the Kobold Delver began the quest for the Orb.
     0 | D:5      | Reached XP level 1. HP: 14/14 MP: 1/1
    56 | D:5      | Noticed a phantom
    59 | D:5      | Reached XP level 2. HP: 19/19 MP: 2/2
    59 | D:5      | Noticed a scorpion
    61 | D:5      | Killed a phantom
    62 | D:5      | Reached skill level 7 in Stealth
    62 | D:5      | Reached XP level 3. HP: 24/24 MP: 3/3
    62 | D:5      | Reached XP level 4. HP: 29/29 MP: 4/4
    66 | D:5      | Killed a scorpion
    67 | D:5      | Reached XP level 5. HP: 33/33 MP: 5/5
    96 | D:4      | Reached skill level 5 in Short Blades
  1050 | D:1      | Reached XP level 6. HP: 38/38 MP: 6/6
  1660 | D:2      | Found a faded altar of an unknown god.
  2227 | D:3      | Noticed Natasha
  2231 | D:3      | Killed Natasha
  2347 | D:3      | Reached XP level 7. HP: 35/44 MP: 7/7
  2467 | D:3      | Noticed Natasha
  2469 | D:3      | Killed Natasha
  2696 | D:3      | Found a glowing silver altar of Zin.
  2922 | D:3      | Noticed Natasha
  2927 | D:3      | Killed Natasha
  2928 | D:3      | Reached skill level 8 in Stealth
  3600 | D:4      | Found a shimmering blue altar of Sif Muna.
  3641 | D:4      | Reached skill level 5 in Fighting
  3760 | D:4      | Found a staircase to the Ecumenical Temple.
  3864 | Temple   | Entered the Ecumenical Temple
  3867 | Temple   | Found a transporter.
  3867 | Temple   | Found a transporter.
  3869 | Temple   | Found a transporter.
  3869 | Temple   | Found a transporter.
  3998 | D:4      | Found Comyco Oreu's General Store.
  4078 | D:4      | Found a hide-covered altar of Uskayaw.
  4085 | D:4      | Became a worshipper of Uskayaw the Reveller
  4137 | D:4      | Bought a scroll of brand weapon for 95 gold pieces
  4137 | D:4      | Bought a potion of curing for 30 gold pieces
  4362 | D:5      | Reached * piety under Uskayaw
  4366 | D:5      | Reached ** piety under Uskayaw
  4372 | D:5      | HP: 2/44 [orc/+0 trident (3)]
  5110 | D:5      | Reached skill level 5 in Dodging
  5110 | D:5      | Reached XP level 8. HP: 37/49 MP: 8/8
  5642 | D:6      | Noticed a gargoyle
  5749 | D:7      | Reached *** piety under Uskayaw
  5840 | D:7      | HP: 1/50 [wight/+1 dagger of flaming (5)]
  5840 | D:7      | Slain by a wight

Illustrated notes

Levels and vault maps discovered:
D:1:      dpeg_arrival_solitude, layout_basic
D:2:      layout_rooms, shapermc_ecumenical_altar_totnotflames,
          grunt_decor_mini_mirrors
D:3:      layout_loops_ring, zin_treasury, serial_rivers,
          chequers_serial_rivers_marsh, chequers_serial_rivers_micro_a,
          chequers_serial_rivers_micro_c, chequers_serial_rivers_small_3,
          lightli_corner_chamber, uniq_natasha
D:4:      layout_loops_cross, mainiacjoe_overflow_alcove_1,
          nicolae_uskayaw_murder_on_the_dancefloor,
          minmay_temple_entry_nine_rooms, serial_shops, shop
D:5:      layout_loops_cross, chequers_big_river, st_stairs_14,
          hangedman_abyss_or_decor_lesser_grid
D:6:      layout_basic, portal_sewer_entry_d, hangedman_abyss_or_decor_passed
D:7:      layout_loops_corners, serial_shops, nicolae_shop_statue_plus,
          nicolae_diamond_shop, nicolae_shop_crystal, shop,
          nicolae_shop_waterfront, uniq_menkaure, uniq_pikel, uniq_maggie
Temple:   hellmonk_temple_divided_pantheon

Skill      XL: |  1  2  3  4  5  6  7 |
---------------+----------------------+-----
Short Blades   | 3 4 5 6 7 |  7.8
Dodging        | 3 4 5 |  5.3
Stealth        | 7 8 |  8.9
Fighting       | 4 5 |  5.5
Invocations    | |  0.5

Action                   |  1- 3 |  4- 6 |  7- 9 || total
-------------------------+-------+-------+-------++-------
Melee: Short sword       |     2 |   154 |    28 ||   184
       Punch             |       |     1 |     3 ||     4
       Rapier            |       |       |   158 ||   158
Invok: Line Pass         |       |       |     1 ||     1
Evoke: Wand              |       |       |     2 ||     2
  Use: Scroll            |     1 |       |     8 ||     9
       Potion            |       |       |     4 ||     4
 Stab: Sleeping          |     2 |    39 |    10 ||    51
       Distracted        |       |       |     2 ||     2
Armor: Leather armour    |       |     7 |    16 ||    23
Dodge: Dodged            |       |    73 |   153 ||   226

Table legend: (Time is in decaauts)
 A = Elapsed time spent in this place.
 B = Non-inter-level travel time spent in this place.
 C = Inter-level travel time spent in this place.
 D = Time resting spent in this place.
 E = Time spent auto-exploring this place.
 F = Levels seen in this place.
 G = Mean time per level.
                   A        B        C        D        E       F      G
               +--------+--------+--------+--------+--------+-----+--------+
         Total |   5768 |   5461 |    307 |    188 |   4382 |   8 |  721.0 |
       Dungeon |   5683 |   5376 |    307 |    188 |   4373 |   7 |  811.9 |
        Temple |     84 |     84 |      0 |      0 |      9 |   1 |   84.0 |
               +--------+--------+--------+--------+--------+-----+--------+

Top non-repeatable levels by time:
     D:3: 1446 daAuts
     D:5: 1166 daAuts
     D:4: 1090 daAuts
     D:1: 962 daAuts
     D:2: 783 daAuts
     D:7: 192 daAuts
  Temple: 84 daAuts
     D:6: 42 daAuts
